AoeStats
← Rosa Mélano

Lombardia

509779155Analyzed
2v2 RM · 5d ago on Sep 28, 2026· 33m 41s· 4 players
Game mode
Random Map
Map size
Medium (4 player)
Population
200
Speed
Normal
Resources
Standard
Victory
Conquest
Starting age
Dark Age
Ending age
Imperial Age
RankedLock teamsTeams togetherTeam positionsShared explorationLock speedFull tech treeHidden civsTurbo modeCheats
Victory
Defeat
🇦🇷 Romans · Argentina
1238
+14
🇦🇷 Magyars · Argentina
1232
+14
🇨🇱 Georgians · Chile
1189
-14
🇨🇱 Saracens · Chile
1184
-14
Alexis
7:50 Loom
10:06 Feudal Age
10:41 Double-Bit Axe
17:24 Scale Barding Armor
17:51 Bloodlines
21:33 Castle Age
20:22 Horse Collar
20:36 Gold Mining
23:24 Wheelbarrow
23:42 Bow Saw
25:05 Husbandry
27:59 Chain Barding Armor
29:14 Town Watch
32:56 Hand Cart
Medusinnn
7:29 Loom
9:15 Feudal Age
14:03 Castle Age
14:02 Double-Bit Axe
Rosa Mélano
5:01 Loom
10:01 Feudal Age
11:38 Double-Bit Axe
17:03 Castle Age
Teórico
9:25 Loom
11:37 Feudal Age
15:45 Castle Age
15:29 Double-Bit Axe
16:56 Bow Saw
24:26 Fletching
Connection lost

Rejoining the realm…

Still unreachable

The connection could not be restored.

Session expired

The server has moved on; the page needs a fresh start.